Nobbs, lawful female human Valkyrie -------- ---.|....| |.%....`.|---------- |.-.`.-``|.|....[..| |...-....`.|......%| |.-....|...|...d...| |....-.--.-|...@...| |..........|.......| |.--...|...|.....).| |....-.|---|.....[.| ---....-----------|| |...>.........%..| ------------------ Nobbs the Fighter Experience level: 8 Strength: 18/03 Dexterity: 12 Constitution: 17 Intelligence: 10 Wisdom: 9 Charisma: 8 Health: 34(62) Energy: 16(16) Def: 5 Gold: 1017 Moves: 4841 Dungeon seed: _-KAdOw5l7NFOjLV Game ID: Nobbs_1509570812 Your Inventory: Coins $ - 1017 gold pieces Wands o - a wand of sleep (0:7) A - a wand of light (0:15) F - a wand of probing (0:5) V - a wand of sleep (0:5) Amulets P - an uncursed amulet versus poison (being worn) Weapons a - the blessed rustproof +1 Excalibur (weapon in hand) b - a +0 dagger Armor e - an uncursed +3 small shield (being worn) n - an uncursed +0 pair of gauntlets of dexterity (being worn) q - an uncursed +0 Hawaiian shirt (being worn) r - an uncursed +0 dwarvish cloak (being worn) Comestibles c - 5 uncursed food rations i - an uncursed egg x - 2 uncursed tins of red mold B - 3 uncursed lichen corpses C - 3 uncursed fortune cookies O - an uncursed tin of iguana meat R - 3 uncursed tripe rations W - an uncursed slime mold Scrolls g - an uncursed scroll of scare monster y - an uncursed scroll of teleportation E - an uncursed scroll of identify J - a blessed scroll of light K - a blessed scroll of teleportation L - an uncursed scroll of amnesia X - a blessed scroll of earth Z - an uncursed scroll of earth Potions f - a cursed potion of levitation l - a blessed potion of gain energy t - an uncursed potion of levitation G - a blessed potion of confusion I - an uncursed potion of gain ability M - an uncursed potion of restore ability S - an uncursed potion of polymorph Rings d - a blessed +1 ring of gain strength (on left hand) j - an uncursed ring of see invisible k - an uncursed ring of polymorph control m - an uncursed +4 ring of adornment p - an uncursed ring of poison resistance s - an uncursed ring of conflict H - an uncursed +1 ring of adornment N - a cursed ring of polymorph U - an uncursed ring of fire resistance Y - an uncursed ring of warning Tools h - an uncursed stethoscope u - an uncursed tin whistle v - an uncursed magic whistle w - an uncursed blindfold z - an uncursed skeleton key D - a bag of tricks (0:11) Q - a +0 unicorn horn Spells and supernatural/magical abilities: Name Level Category Fail Memory W - pray for help -- divine ? -- Your skills at the end: Fighting Skills Weapon Skills dagger [Basic] long sword [Basic] Spellcasting Skills Final Attributes: You were piously aligned. You were cold resistant. You were poison resistant. You were level-drain resistant. You were telepathic. You had automatic searching. You were stealthy. You were fast. You survived. Vanquished creatures: 2 large mimics 2 small mimics a leather golem a black light a gnome king 2 brown puddings a blue jelly a gray unicorn a gnome mummy a human zombie a bugbear 6 Mordor orcs 2 rock piercers a fog cloud a yellow light a shrieker a violet fungus 9 gnome lords 3 gnomish wizards a kobold mummy a black naga hatchling a guardian naga hatchling a gray ooze a giant ant 2 floating eyes 3 dwarves a kobold shaman a rabid rat a giant bat a werejackal 2 killer bees a coyote a gas spore 5 manes 3 hobgoblins 4 giant rats 4 cave spiders a brown mold a yellow mold 2 green molds 28 gnomes 2 garter snakes a gnome zombie a gecko 5 jackals a fox 3 kobolds 5 goblins 2 sewer rats 5 grid bugs a bat 6 lichens 2 kobold zombies 3 newts 141 creatures vanquished. Voluntary challenges: You used a wielded weapon 158 times, starting on turn 88. You read items or engraved 3 times, starting on turn 3726. You never genocided any monsters. You never polymorphed an object. You never changed form. You used no wishes. You split 1 pudding, starting on turn 4397. You never wrote Elbereth's name. You never violated your personal moral code. Dungeon overview: The Dungeons of Doom: levels 1 to 10 Level 1 a long staircase Level 2 a general store stairs to The Gnomish Mines Level 3 a general store Level 4 a general store, a fountain Level 5 a general store, some fountains Level 6 some fountains Level 7 an altar to Loki Level 8 some fountains Level 9 a sink stairs to Sokoban Level 10 The Gnomish Mines: levels 3 to 6 Level 3 stairs to The Dungeons of Doom Level 4 Level 5 Level 6 some shops, a temple to Tyr, some fountains Sokoban: levels 5 to 8 Level 5 Level 6 <- You were here Level 7 Level 8 stairs to The Dungeons of Doom History has recorded: On T:1 you entered the Dungeons of Doom to retrieve the Amulet of Yendor! On T:304 you reached level 2 of The Dungeons of Doom. On T:327 you reached level 1 of The Gnomish Mines. On T:353 you advanced to experience level 2. On T:501 you reached level 3 of The Dungeons of Doom. On T:809 you advanced to experience level 3. On T:882 you advanced to experience level 4. On T:990 you reached level 2 of The Gnomish Mines. On T:1005 you reached level 3 of The Gnomish Mines. On T:1080 you advanced to experience level 5. On T:1275 you reached level 4 of The Gnomish Mines. On T:1354 you advanced to experience level 6. On T:2169 you reached level 4 of The Dungeons of Doom. On T:2627 you reached level 5 of The Dungeons of Doom. On T:2646 you advanced to experience level 7. On T:2878 you reached level 6 of The Dungeons of Doom. On T:2966 you reached level 7 of The Dungeons of Doom. On T:3132 you reached level 8 of The Dungeons of Doom. On T:3429 you reached level 9 of The Dungeons of Doom. On T:3467 you reached level 10 of The Dungeons of Doom. On T:3656 you reached level 4 of Sokoban. On T:3958 you reached level 3 of Sokoban. On T:4412 you reached level 2 of Sokoban. On T:4766 you advanced to experience level 8. On T:4792 you reached level 1 of Sokoban. Score breakdown: Gold: 1017 (10231 points) Experience: 8 levels (14739 points) Exploration: 10 levels ( 20.00%) (12857 points) Discoveries: 12 items ( 4.88%) ( 6625 points) Valuables value: (no points given unless you survive) Artifact value: 4000 (12253 points) Variety of kills: 54 monsters ( 14.17%) (11294 points) Turncount: 4841 turns (-1306 points) Survival: quit (score multiplied by 90%) Total score: 60023 Latest messages: This is an identify scroll. F - a wand of probing (0:5). A - a wand of light (0:15). P - an uncursed amulet versus poison. J - a blessed scroll of light. As you read the scroll, it disappears. This is an identify scroll. d - a blessed +1 ring of gain strength. You are now wearing a ring of gain strength. You are now wearing an amulet versus poison. You stop. Fuffy is in the way! You displace Fuffy. Final status: Farvel Nobbs the Valkyrie, quit... You quit in Sokoban on dungeon level 6 with 60023 points, and 1017 pieces of gold, after 4841 moves. You were level 8 with a maximum of 62 hit points when you quit.